 Dungeon Crawl Stone Soup version 0.31-a0-986-g5e6e4ef867 (webtiles) character file.

Game seed: 13768170917904904341

67 pokeman the Magician (level 4, -1/25 HPs)
             Began as a Deep Elf Hedge Wizard on Nov 20, 2023.
             Slain by an orc
             ... wielding a +0 hand axe
              (6 damage)
             ... on level 3 of the Dungeon.
             The game lasted 00:03:22 (2636 turns).

pokeman the Magician (Deep Elf Hedge Wizard)        Turns: 2636, Time: 00:03:23

Health: -1/25      AC:  3    Str:  7    XL:     4   Next: 0%
Magic:  1/13       EV: 12    Int: 21    God:
Gold:   88         SH:  0    Dex: 14    Spells: 5/13 levels left

rFire   + . .        a - +0 dagger
rCold   + . .        (no shield)
rNeg    . . .        b - +0 robe
rPois   .            c - +0 hat
rElec   .            g - scarf {rC+ rF+}
rCorr   .            (no gloves)
SInv    .            u - +0 pair of boots
Will    .....        (no amulet)
Stlth   +            (no ring)
HPRegen 0.24/turn    (no ring)
MPRegen 0.13/turn

%: no passive effects
@: confused
A: no striking features
a: no special abilities


You were on level 3 of the Dungeon.
You visited 1 branch of the dungeon, and saw 3 of its levels.

You collected 88 gold pieces.

Inventory:

Hand Weapons
 a - a +0 dagger (weapon)
Armour
 b - a +0 robe (worn)
 c - a +0 hat (worn)
 g - a scarf of resistance (worn)
 n - a scarf of shadows
 t - a +0 buckler
 u - a +0 pair of boots (worn)
Magical Staves
 e - a staff of conjuration
Scrolls
 f - a scroll of blinking {unknown}
 h - a scroll of revelation {unknown}
 l - a scroll of butterflies {unknown}
 m - 2 scrolls of teleportation {unknown}
 o - 2 scrolls of brand weapon {unknown}
 r - a scroll of fog {unknown}
 v - 2 scrolls of identify {unknown}
Potions
 d - a potion of magic
 i - a potion of berserk rage {unknown}
 j - 2 potions of attraction {unknown}
 k - a potion of lignification {unknown}
 p - a potion of ambrosia {unknown}
 q - a potion of curing {unknown}
 s - a potion of heal wounds {unknown}


   Skills:
 - Level 1.0 Fighting
 - Level 1.0 Armour
 + Level 2.6 Dodging
 - Level 2.4 Stealth
 + Level 0.2 Shields
 * Level 5.4 Spellcasting
 + Level 2.0 Conjurations
 - Level 1.1 Summonings
 - Level 1.1 Translocations


You had 5 spell levels left.
You knew the following spells:

 Your Spells              Type           Power      Damage    Failure   Level
a - Magic Dart            Conj           56%        1d5       4%          1
b - Mephitic Cloud        Conj/Pois/Air  8%         N/A       24%         3
c - Call Imp              Summ           20%        N/A       10%         2
d - Blink                 Tloc           20%        N/A       10%         2

Your spell library contained the following spells:

 Spells                   Type           Power      Damage    Failure   Level
 Slow                     Hex            20%        N/A       11%         1
 Cigotuvi's Dreadful Rot  Necr/Pois/Air  10%        N/A       16%         2


Dungeon Overview and Level Annotations

Branches:
Dungeon (3/15)

Altars:


Message History

You are engulfed in noxious fumes.
You choke on the stench!
You are confused.
You hear a shout! x2
The orc hits you with a +0 hand axe.
The orc priest is engulfed in noxious fumes.
The orc priest appears confused.
The orc is engulfed in noxious fumes.
The orc appears confused.
The orc misses you.
Unknown command.
You bump into the rock wall.
You are engulfed in noxious fumes.
You choke on the stench!
You are more confused.
The orc hits you with a +0 hand axe.
The orc priest is engulfed in noxious fumes.
The orc priest appears confused.
The orc is engulfed in noxious fumes.
The orc appears confused.
You bump into the rock wall.
You are engulfed in noxious fumes.
You choke on the stench!
You are more confused.
The orc hits you with a +0 hand axe.
The orc priest is engulfed in noxious fumes.
The orc priest appears confused.
An orc wizard comes into view. It is wielding a +0 dagger.
The orc barely misses you.
The orc priest completely misses the orc.
The orc priest hits itself with a +0 mace.
Unknown command.
You hit the orc but do no damage.
The orc is almost dead.
The orc hits you with a +0 hand axe.
* * * LOW HITPOINT WARNING * * *
Unknown command.
The orc priest hits the orc wizard with a +0 mace.
The orc closely misses the orc.
Your magical contamination has completely faded away.
The orc barely misses you.
The orc wizard points at you and mumbles some strange words.
The puff of flame hits you. You resist.
* * * LOW HITPOINT WARNING * * *
The orc hits you with a +0 hand axe.
You die...

#.##.#8..8#... #. #.##...>......
##.#########.............
................#8..8#...
#...(..........##..## .
.................#..#
#.#.....##.##.#o.#.#
####+#.....##...oo#...#
.........(.#####@.##.......
......#'#### #o.##......
.[....#'## #..# ...... ###......#
#..# #.... .##......# #..# #...#
. .##......########.#
#...#######.. .##...............#
#............
..+...............####..##......#
###...............'.............#


You could see an orc priest (confused), an orc wizard and 2 orcs.

Vanquished Creatures
  3 adders
  3 endoplasms
  2 giant cockroaches
  2 goblins (D:1)
  5 hobgoblins
  7 kobolds
  A quokka (D:1)
  3 ball pythons
  8 bats
  4 rats
38 creatures vanquished.

Notes
Turn   | Place    | Note
-------+----------+-------------------------------------------
     0 | D:1      | pokeman the Deep Elf Hedge Wizard began the quest for the
                  | Orb.
     0 | D:1      | Reached XP level 1. HP: 10/10 MP: 7/7
   384 | D:1      | Reached XP level 2. HP: 15/15 MP: 1/9
  1310 | D:2      | Reached skill level 5 in Spellcasting
  1383 | D:2      | Reached XP level 3. HP: 15/20 MP: 2/11
  1387 | D:2      | Learned a level 3 spell: Mephitic Cloud
  1390 | D:2      | Learned a level 2 spell: Call Imp
  1393 | D:2      | Learned a level 2 spell: Blink
  1707 | D:2      | Reached skill level 1 in Fighting
  2042 | D:3      | Reached skill level 1 in Armour
  2511 | D:3      | Reached XP level 4. HP: 10/25 MP: 0/13
  2636 | D:3      | Slain by an orc

Illustrated notes

Levels and vault maps discovered:
D:1:      spicycebolla_arrival_xxxplode, layout_loops_cross
D:2:      layout_loops_ring
D:3:      kennysheep_big_flooded_room, layout_basic, st_stairs_6,
          grunt_ministairs_9, minmay_starry_boxes

Skill      XL: |  1  2  3 |
---------------+----------+-----
Spellcasting   | 5 |  5.4
Fighting       | 1 |  1.0
Armour         | 1 |  1.0
Conjurations   | 2 |  2.0
Dodging        | |  2.6
Stealth        | |  2.4
Shields        | |  0.2
Summonings     | |  1.1
Translocations | |  1.1

Action                     |  1- 3 |  4- 6 || total
---------------------------+-------+-------++-------
  Melee: Dagger            |     9 |     3 ||    12
   Cast: Magic Dart        |   121 |     5 ||   126
         Mephitic Cloud    |       |     1 ||     1
   Stab: Sleeping          |     2 |       ||     2
 Armour: Robe              |    32 |     6 ||    38
  Dodge: Dodged            |    37 |     4 ||    41

Table legend: (Time is in decaauts)
 A = Elapsed time spent in this place.
 B = Non-inter-level travel time spent in this place.
 C = Inter-level travel time spent in this place.
 D = Time resting spent in this place.
 E = Time spent auto-exploring this place.
 F = Levels seen in this place.
 G = Mean time per level.
                   A        B        C        D        E       F      G
               +--------+--------+--------+--------+--------+-----+--------+
         Total |   2635 |   2562 |     73 |      0 |   2289 |   3 |  878.3 |
       Dungeon |   2635 |   2562 |     73 |      0 |   2289 |   3 |  878.3 |
               +--------+--------+--------+--------+--------+-----+--------+

Top non-repeatable levels by time:
     D:1: 1051 daAuts
     D:2: 983 daAuts
     D:3: 600 daAuts
